 Dungeon Crawl Stone Soup version 0.28-a0-589-g333b8329f1 (webtiles) character file.

Game seed: 16687978461692687570

20 Spaninq the Covered (level 2, -4/23 HPs)
             Began as a Barachi Wanderer on Oct 3, 2021.
             Slain by a gnoll (8 damage)
             ... on level 1 of the Dungeon.
             The game lasted 00:03:19 (898 turns).

Spaninq the Covered (Barachi Wanderer)               Turns: 898, Time: 00:03:21

Health: -4/23      AC:  9    Str: 12    XL:     2   Next: 79%
Magic:  2/2        EV:  8    Int: 14    God:
Gold:   39         SH:  4    Dex: 10    Spells: 1/1 levels left

rFire   . . .      SeeInvis .   e - +0 club
rCold   . . .      Faith    .   d - +0 buckler
rNeg    . . .      Spirit   .   b - +2 scale mail
rPois   .          Reflect  .   (no helmet)
rElec   .          Harm     .   (no cloak)
rCorr   .          Rampage  .   (no gloves)
Will    .....                   (no boots)
Stlth   ..........              (no amulet)
HPRegen 0.07/turn               (no ring)
MPRegen 0.08/turn               (no ring)

@: brilliant, unable to hop, slow
A: amphibious, slowness 1, strong legs 1, +LOS
a: Hop


You were on level 1 of the Dungeon.
You visited 1 branch of the dungeon, and saw 1 of its levels.

You collected 39 gold pieces.

Inventory:

Hand Weapons
 a - a +0 hand crossbow
 e - a +0 club (weapon)
Missiles
 c - 25 bolts
Armour
 b - a +2 scale mail (worn)
 d - a +0 buckler (worn)
Scrolls
 f - 2 scrolls of identify


   Skills:
 + Level 2.7 Fighting
 * Level 3.6 Maces & Flails
 + Level 3.8 Armour
 * Level 2.7 Shields


You had one spell level left.
You didn't know any spells.
Your spell library contained the following spells:

 Spells                   Type           Power      Damage    Failure   Level
 Ensorcelled Hibernation  Hex/Ice        0%         N/A       94%         2
 Tukima's Dance           Hex            0%         N/A       99%         3


Dungeon Overview and Level Annotations

Branches:
Dungeon (1/15)

Altars:

Shops:
D:1 *


Innate Abilities, Weirdness & Mutations

You are amphibious.
You cover ground slowly.
You can hop short distances.
You have an extended range of vision and can be seen from far away.


Message History

The endoplasm freezes you.
You are frozen.
You hit the endoplasm.
You kill the endoplasm!
A gnoll comes into view. It is wielding a +0 flail.
The gnoll shouts!
You barely miss the gnoll. The gnoll barely misses you.
The gnoll closely misses you.
You hit the gnoll but do no damage. The gnoll hits you with a +0 flail.
You hit the gnoll but do no damage. The gnoll hits you with a +0 flail.
You hit the gnoll.
The gnoll is moderately wounded.
The gnoll hits you but does no damage.
You barely miss the gnoll.
The gnoll is moderately wounded.
The gnoll hits you with a +0 flail!
* * * LOW HITPOINT WARNING * * *
Hop to where?
Press: ? - help, Dir - move target Boing!
It was a potion of brilliance.
You feel clever all of a sudden.
You aren't carrying any items that you can evoke.
As you read the scroll labelled GINUNLOIRE, it crumbles to dust.
It is a scroll of identify.
You don't have any unidentified items.
You hit the gnoll but do no damage.
The gnoll is lightly wounded.
The gnoll hits you with a +0 flail.
* * * LOW HITPOINT WARNING * * *
You completely miss the gnoll.
The gnoll is lightly wounded.
The gnoll hits you but does no damage.
You hit the gnoll.
The gnoll is heavily wounded.
The gnoll misses you.
You closely miss the gnoll.
The gnoll is heavily wounded.
The gnoll hits you with a +0 flail!
You die...

##################
#................#
#.##############@#
#.# ####g# #.#
#....# #.# #....#
#.### #....# ....#
#....# ....#
####.# ....# #.#
.(..#### ...


You could see a gnoll.

Vanquished Creatures
  A ball python (D:1)
  3 endoplasms (D:1)
  5 goblins (D:1)
  A quokka (D:1)
  4 bats (D:1)
  3 kobolds (D:1)
  A rat (D:1)
18 creatures vanquished.

Vanquished Creatures (others)
  5 toadstools (D:1)
5 creatures vanquished.

Grand Total: 23 creatures vanquished

Notes
Turn   | Place    | Note
-------+----------+-------------------------------------------
     0 | D:1      | Spaninq the Barachi Wanderer began the quest for the Orb.
     0 | D:1      | Spaninq set off with the following items: a +0 hand
                  | crossbow, a +2 scale mail, 25 bolts, a +0 buckler
     0 | D:1      | Reached XP level 1. HP: 17/17 MP: 1/1
    19 | D:1      | Found Lenuh's General Store.
   164 | D:1      | Reached XP level 2. HP: 18/23 MP: 2/2
   377 | D:1      | Found a faded altar of an unknown god.
   898 | D:1      | Slain by a gnoll

Illustrated notes

Levels and vault maps discovered:
D:1:      ldierk_walled_garden, layout_basic,
          hellmonk_ecumenical_altar_pennies_from_heaven, serial_shops,
          nicolae_shop_stone

Action                   || total
-------------------------++-------
Melee: Club              ||    86
       Unarmed           ||    12
 Abil: Hop               ||     1
  Use: Scroll            ||     1
       Potion            ||     1
Armor: Scale mail        ||    51
Dodge: Dodged            ||    63
Block: Buckler           ||    18

Table legend: (Time is in decaauts)
 A = Elapsed time spent in this place.
 B = Non-inter-level travel time spent in this place.
 C = Inter-level travel time spent in this place.
 D = Time resting spent in this place.
 E = Time spent auto-exploring this place.
 F = Levels seen in this place.
 G = Mean time per level.
                   A        B        C        D        E       F      G
               +--------+--------+--------+--------+--------+-----+--------+
         Total |    954 |    954 |      0 |      0 |    714 |   1 |  954.0 |
       Dungeon |    954 |    954 |      0 |      0 |    714 |   1 |  954.0 |
               +--------+--------+--------+--------+--------+-----+--------+

Top non-repeatable levels by time:
     D:1: 954 daAuts
